 Dungeon Crawl Stone Soup version 0.30-a0-365-ge7f957f1db (webtiles) character file.

Game seed: 13132729873376702799

83 avis the Chiller (level 4, -1/54 HPs)
             Began as a Demigod Ice Elementalist on Nov 17, 2022.
             Succumbed to a scorpion's poison
             ... on level 2 of the Dungeon.
             The game lasted 00:07:19 (980 turns).

avis the Chiller (Demigod Ice Elementalist)          Turns: 980, Time: 00:07:19

Health: -1/54      AC:  2    Str:  9    XL:     4   Next: 2%
Magic:  3/10       EV: 12    Int: 17    God:
Gold:   44         SH:  0    Dex: 18    Spells: 7/8 levels left

rFire   . . .      SeeInvis .    b - +0 sling
rCold   . . .      Faith    .    (no shield)
rNeg    . . .      Spirit   .    e - +0 robe
rPois   .          Reflect  .    (no helmet)
rElec   .          Harm     .    (no cloak)
rCorr   .          Rampage  .    (no gloves)
Will    .....                    (no boots)
Stlth   ..........               (no amulet)
HPRegen 0.29/turn                (no ring)
MPRegen 0.12/turn                (no ring)

@: berserking (expiring), lethally poisoned (-1 -> -9), very quick
A: high MP 1, forlorn, divine attributes
a: no special abilities


You were on level 2 of the Dungeon.
You visited 1 branch of the dungeon, and saw 2 of its levels.

You collected 44 gold pieces.

Inventory:

Hand Weapons
 a - a +3 dagger
 b - a +0 sling (weapon)
Missiles
 g - 4 poisoned darts
Armour
 e - a +0 robe (worn)
Scrolls
 c - a scroll of identify {unknown}
Potions
 f - a potion of magic
 h - a potion of might {unknown}
 i - a potion of cancellation {unknown}


   Skills:
 - Level 2.0 Fighting
 * Level 0.5 Ranged Weapons
 - Level 2.0 Dodging
 - Level 2.0 Stealth
 - Level 2.5 Spellcasting
 - Level 4.0 Ice Magic


You had 7 spell levels left.
You knew the following spells:

 Your Spells              Type           Power      Damage    Failure   Level
a - Freeze                Ice            60%        1d7       3%          1

Your spell library contained the following spells:

 Spells                   Type           Power      Damage    Failure   Level
 Frozen Ramparts          Ice            30%        1d5       11%         3
 Ozocubu's Armour         Ice            15%        N/A       11%         3
 Shock                    Conj/Air       8%         1d3       19%         1
 Call Canine Familiar     Summ           2%         N/A       50%         3
 Portal Projectile        Hex/Tloc       4%         N/A       50%         3
 Swiftness                Air            2%         N/A       50%         3
 Summon Ice Beast         Ice/Summ       8%         N/A       63%         4
 Airstrike                Air            1%         2d(1-17)  88%         4
 Leda's Liquefaction      Hex/Erth       1%         N/A       88%         4


Dungeon Overview and Level Annotations

Branches:
Dungeon (2/15)

Shops:
D:1 :


Innate Abilities, Weirdness & Mutations

You have an increased reservoir of magic. (+10% MP)
You shall have no god before yourself.
Your divine heritage dramatically boosts your attributes as you level up.


Message History

You freeze the scorpion!
The scorpion is severely wounded.
* * * LOW HITPOINT WARNING * * *
You feel very sick. The scorpion closely misses you.
Casting: Freeze (safe; 3% risk of failure)
Confirm with . or Enter, or press ? or * to list all spells.
Aiming: Freeze (safe; 3% risk of failure)
Press: ? - help, Shift-Dir - straight line, f/p - scorpion
Aim: a scorpion (severely wounded)
You freeze the scorpion.
You kill the scorpion!
* * * LOW HITPOINT WARNING * * *
You feel very sick.
Training target 2.5 for Spellcasting reached!
You need to enable at least one skill for training.
Training target 2.0 for Fighting reached!
Your Fighting skill increases to level 2!
You need to enable at least one skill for training.
Training target 2.0 for Dodging reached!
Your Dodging skill increases to level 2!
You need to enable at least one skill for training.
Training target 2.0 for Stealth reached!
Your Stealth skill increases to level 2!
You need to enable at least one skill for training.
You have reached level 3!
Your experience leads to a dramatic increase in your attributes!
Increase (S)trength, (I)ntelligence, or (D)exterity?
You feel agile. x4
You have reached level 4!
It was a potion of berserk rage.
A red film seems to cover your vision as you go berserk!
You feel yourself moving faster!
You feel mighty!
* * * LOW HITPOINT WARNING * * *
You feel very sick.
You are too berserk!
You feel a strong urge to attack something.
* * * LOW HITPOINT WARNING * * *
You feel sick.
You die...

#.........#.
..
#####.<.....
#. #.######
#. #+# ##.###
#....#
##....#
####.....####
.......@....+
####.....####
##.#<##
...... #!#
##. #. .# #
.# .#


There were no monsters in sight!

Vanquished Creatures
  A scorpion (D:2)
  2 endoplasms
  A giant cockroach (D:1)
  A goblin (D:1)
  4 hobgoblins (D:1)
  2 jackals (D:1)
  A quokka (D:1)
  2 ball pythons (D:1)
  2 bats (D:1)
  A frilled lizard (D:1)
  A kobold (D:1)
18 creatures vanquished.

Notes
Turn   | Place    | Note
-------+----------+-------------------------------------------
     0 | D:1      | avis the Demigod Ice Elementalist began the quest for the
                  | Orb.
     0 | D:1      | Reached XP level 1. HP: 14/14 MP: 5/5
   285 | D:1      | Reached skill level 4 in Ice Magic
   421 | D:1      | Found Hypreit's Vocational Training.
   432 | D:1      | Reached XP level 2. HP: 19/20 MP: 1/7
   618 | D:1      | Reached skill level 1 in Fighting
   972 | D:2      | Noticed a scorpion
   977 | D:2      | Killed a scorpion
   978 | D:2      | Reached XP level 3. HP: 3/29 MP: 3/9
   978 | D:2      | Reached XP level 4. HP: 4/36 MP: 3/10
   979 | D:2      | HP: 1/54 [poisoned by a scorpion]
   980 | D:2      | Succumbed to a scorpion's poison

Illustrated notes

Levels and vault maps discovered:
D:1:      amcnicky_arrival_abandoned_market, layout_rooms,
          nicolae_shop_vocational
D:2:      minmay_diamond_boxcup, layout_loops_corners, minmay_misc_feat_tiny,
          minmay_tetromino_o4

Skill      XL: |  1  2 |
---------------+-------+-----
Ice Magic      | 4 |  4.0
Spellcasting   | 2 |  2.5
Fighting       | 2 |  2.0
Dodging        | 2 |  2.0
Stealth        | 2 |  2.0
Ranged Weapons | |  0.5

Action                   |  1- 3 |  4- 6 || total
-------------------------+-------+-------++-------
Melee: Unarmed           |     3 |       ||     3
 Fire: Sling             |    21 |       ||    21
 Cast: Freeze            |    25 |       ||    25
  Use: Potion            |       |     1 ||     1
Armor: Robe              |     7 |       ||     7
Dodge: Dodged            |    24 |       ||    24

Table legend: (Time is in decaauts)
 A = Elapsed time spent in this place.
 B = Non-inter-level travel time spent in this place.
 C = Inter-level travel time spent in this place.
 D = Time resting spent in this place.
 E = Time spent auto-exploring this place.
 F = Levels seen in this place.
 G = Mean time per level.
                   A        B        C        D        E       F      G
               +--------+--------+--------+--------+--------+-----+--------+
         Total |    985 |    761 |    224 |     77 |    398 |   2 |  492.5 |
       Dungeon |    985 |    761 |    224 |     77 |    398 |   2 |  492.5 |
               +--------+--------+--------+--------+--------+-----+--------+

Top non-repeatable levels by time:
     D:1: 953 daAuts
     D:2: 31 daAuts
